 Dungeon Crawl Stone Soup version 0.17-a0-1481-gfdcec5c (webtiles) character file.

360 Fluffy the Skirmisher (level 6, -3/48 HPs)
             Began as a Demonspawn Gladiator on July 4, 2015.
             Was an Initiate of Makhleb.
             Killed from afar by an orc wizard (15 damage)
             ... with a puff of frost
             ... on level 4 of the Dungeon.
             The game lasted 00:09:52 (3651 turns).

Fluffy the Skirmisher (Demonspawn Gladiator)        Turns: 3651, Time: 00:09:53

Health: -3/48      AC: 17    Str: 17    XL:     6   Next: 38%
Magic:  6/6        EV: 10    Int:  9    God:    Makhleb [......]
Gold:   265        SH:  0    Dex: 14    Spells: 0 memorised, 5 levels left

rFire  . . .     SeeInvis .     a - +0 long sword
rCold  . . .     Clarity  .     k - +1 scale mail
rNeg   . . .     SustAt   .     (no shield)
rPois  .         Gourm    .     (helmet restricted)
rElec  +         Spirit   .     m - +2 cloak
rCorr  .         Warding  .     (no gloves)
rMut   .         Stasis   .     (no boots)
MR     .....                    (no amulet)
Stlth  +.........               (no ring)
                                c - +6 ring of protection

@: not resistant to hostile enchantments, very unstealthy
A: antennae 1, claws 2, nightstalker 1, electricity resistance
a: Renounce Religion


You were on level 4 of the Dungeon.
You worshipped Makhleb.
Makhleb was noncommittal.
You were not hungry.

You visited 2 branches of the dungeon, and saw 5 of its levels.

You collected 265 gold pieces.

Inventory:

Hand weapons
 a - a +0 long sword (weapon)
Missiles
 d - 3 throwing nets
 p - 8 javelins (quivered)
Armour
 k - a +1 scale mail (worn)
 m - a +2 cloak (worn)
Jewellery
 c - a +6 ring of protection (left claw)
Scrolls
 h - 3 scrolls of remove curse
Potions
 b - a potion of brilliance
 f - a potion of might
 g - 6 potions of agility
 i - a potion of cure mutation
 n - a potion of poison {unknown}
 o - a potion of curing
 q - a potion of mutation {unknown}
Comestibles
 e - 4 bread rations
 j - 2 meat rations
 l - a slice of pizza


   Skills:
 + Level 4.2 Fighting
 + Level 4.2 Long Blades
 - Level 1.7 Throwing
 + Level 3.2 Armour
 - Level 2.6 Dodging
 + Level 1.0 Invocations


You had 5 spell levels left.
You didn't know any spells.

Dungeon Overview and Level Annotations

Branches:
Dungeon (4/15)             Temple (1/1) D:4

Altars:
Ashenzari
Cheibriados
Dithmenos
Elyvilon
Fedhas
Gozag
Makhleb
Nemelex Xobeh
Okawaru
Qazlal
Ru
Trog
Xom
Yredelemnul
Zin
The Shining One

Annotations:
D:4 amnekian's ghost, average HuFi


Innate Abilities, Weirdness & Mutations

You have a pair of small antennae on your head.
You have very sharp fingernails.
You are slightly more attuned to the shadows.
You are resistant to electric shocks.


Message History

You hit the ogre but do no damage. The ogre closely misses you.
You slash the ogre!
The ogre is moderately wounded.
The ogre closely misses you.
You barely miss the ogre.
The ogre is moderately wounded.
You hear some strange, mumbled words.
The ogre hits you with a giant club!!
* * * LOW HITPOINT WARNING * * *
You see here a robe.
Something hits you but does no damage.
You hear some strange, mumbled words.
A puff of frost appears from out of thin air!
The puff of frost hits you!
You hear some strange, mumbled words.
A puff of frost appears from out of thin air!
The puff of frost hits you!
A puff of frost appears from out of thin air!
The puff of frost hits you!
You die...

##.......###.....[......#
#......................#
####.........#.......#..
##.#######...)....## #
#...# ###..##### #...#
##(# #...# #(#
####...##### #.#
...........#####@#####..
..........o.O{..........
...........####...####..
###)...#.### #....####
#....#.# #.###....#
##[###..# #.# ##.#.# #.##
##.# .# ##..# #.# #.##.
#..# #)# # #..#


You could see an ogre and an orc.

Vanquished Creatures
  An ogre (D:4)
  A hound (D:4)
  A crimson imp (D:4)
  2 orc wizards (D:4)
  A worker ant (D:4)
  3 adders
  2 oozes
  A worm (D:2)
  7 orcs (D:4)
  5 bats
  3 giant cockroaches
  9 goblins
  9 hobgoblins
  2 jackals (D:2)
  10 kobolds
  2 quokkas
  3 giant geckos
  A giant gecko skeleton (D:3)
  7 giant newts
  5 rats
75 creatures vanquished.

Notes
Turn   | Place    | Note
--------------------------------------------------------------
     0 | D:1      | Fluffy the Demonspawn Gladiator began the quest for the Orb.
     0 | D:1      | Reached XP level 1. HP: 16/16 MP: 1/1
    66 | D:1      | Reached skill level 1 in Armour
   329 | D:1      | Gained mutation: You are slightly more attuned to the shadows. [demonic ancestry]
   329 | D:1      | Reached XP level 2. HP: 22/22 MP: 2/2
   800 | D:1      | Gained mutation: You are resistant to electric shocks. [potion of beneficial mutation]
   801 | D:1      | dig vault
   872 | D:2      | Reached skill level 3 in Long Blades
   883 | D:2      | Gained mutation: You have a pair of small antennae on your head. [demonic ancestry]
   883 | D:2      | Reached XP level 3. HP: 25/28 MP: 3/3
  2107 | D:3      | Gained mutation: You have sharp fingernails. [demonic ancestry]
  2107 | D:3      | Reached XP level 4. HP: 33/35 MP: 4/4
  2527 | D:4      | Noticed an ogre
  2551 | D:4      | Killed an ogre
  2551 | D:4      | Gained mutation: You have very sharp fingernails. [demonic ancestry]
  2551 | D:4      | Reached XP level 5. HP: 19/41 MP: 5/5
  2599 | D:4      | Reached skill level 4 in Fighting
  2599 | D:4      | Reached XP level 6. HP: 14/48 MP: 6/6
  2811 | D:4      | Noticed amnekian's ghost (average HuFi)
  3263 | D:4      | Found a staircase to the Ecumenical Temple.
  3269 | Temple   | Entered the Ecumenical Temple
  3289 | Temple   | Became a worshipper of Makhleb the Destroyer
  3632 | D:4      | Reached skill level 1 in Invocations
  3651 | D:4      | Killed from afar by an orc wizard

Vault maps used:
D:1:      mrwooster_arrival_arrow, due_unseen_surprise
D:2:      mumra_celtic_spiral_tile
D:3:      serial_aquarium, aquarium_bridge_square, aquarium_bridge_square,
          aquarium_window_corner, aquarium_window_corridor_3, aquarium_view_2e,
          aquarium_view_2f
D:4:      minmay_temple_entry_enclosed_plants, first_bread, minmay_box_of_dots
Temple:   nicolae_temple_the_god_donut

Action                   |  1- 3 |  4- 6 || total
-------------------------+-------+-------++-------
Melee: Short sword       |    57 |       ||    57
       Long sword        |    94 |   141 ||   235
  Use: Scroll            |    10 |     2 ||    12
       Potion            |     1 |       ||     1
 Stab: Sleeping          |       |     1 ||     1
  Eat: Chunk             |     4 |     5 ||     9
